Map: 10000 Feet LE

Players

trigger - Winner!

  • Race: Protoss Protoss
  • League: Grandmaster
  • Spawn Location: 11:00

BabyMarine

  • Race: Terran Terran
  • Spawn Location: 5:00

VOD

Have the link to the VOD?

Description

Time

  • Played on: Jan. 31, 2026, 3:08 p.m.
  • Length: 6:38
Show
View Real Time Build Order
Export as new Build Order

trigger Protoss - Winner!

Build Orders: Phoenix Opening 

Get SALT Encoding   

  12  0:00  Probe  
  13  0:12  Probe  
  14  0:17  Pylon  
  14  0:23  Probe  
  15  0:31  Probe  
  16  0:37  Gateway  
  16  0:39  Probe  
  16  0:45  Assimilator  
  17  0:50  Probe  
  18  1:03  Probe  
  19  1:15  Probe  
  20  1:26  Cybernetics Core  
  20  1:28  Probe  
  20  1:31  Pylon  
  21  1:45  Probe, Assimilator  
  22  1:52  Adept  
  22  1:54  Nexus  
  22  2:06  Probe  
  25  2:16  Adept  
  25  2:18  Probe  
  25  2:22  Stargate  
  28  2:30  Probe  
  28  2:36  Warp Gate  
  29  2:42  Probe  
  30  2:54  Probe  
  30  2:58  Phoenix  
  31  3:03  Stalker  
  31  3:07  Probe  
  31  3:08  Probe  
  37  3:18  Phoenix  
  37  3:19  Probe  
  38  3:20  Gateway  
  38  3:22  Probe  
  41  3:31  Probe  
  40  3:35  Probe  
  40  3:38  Phoenix  
  39  3:43  Probe  
  39  3:47  Probe  
  43  3:54  Pylon  
  43  3:55  Probe  
  43  3:59  Probe  
  43  4:00  Gateway  
  43  4:01  Gateway  
  45  4:08  Probe  
  45  4:09  Probe  
  46  4:10  Assimilator  
  46  4:12  Phoenix  
  49  4:17  Probe  
  49  4:20  Probe  
  49  4:23  Twilight Council  
  51  4:27  Probe  
  52  4:32  Probe  
  52  4:35  Charge  
  52  4:37  Nexus  
  53  4:38  Pylon  
  53  4:39  Probe  
  54  4:47  Forge  
  54  4:56  Probe  
  54  4:57  Probe, Phoenix  
  58  5:06  Zealot x2  
  62  5:09  Pylon  
  62  5:24  Shield Battery  
  62  5:27  Phoenix, Probe  
  62  5:28  Zealot x2  
  67  5:31  Pylon  
  69  5:36  Probe  
  69  5:37  Pylon  
  69  5:42  Pylon  
  70  5:49  Probe  
  71  5:50  Sentry, Zealot x2  
  71  5:51  Probe x2  
  71  5:52  Phoenix  
  81  6:01  Probe  
  81  6:02  Gateway  
  81  6:03  Probe x2, Gateway  
  84  6:11  Zealot x2  
  88  6:13  Probe  
  85  6:19  Probe  
Show
View Real Time Build Order
Export as new Build Order

BabyMarine Terran 

Build Orders: 1/1/1 

Get SALT Encoding   

  12  0:00  SCV  
  13  0:12  SCV  
  14  0:16  Supply Depot  
  14  0:24  SCV  
  14  0:28  Refinery  
  15  0:38  SCV  
  16  0:45  Barracks  
  16  0:51  SCV  
  17  1:03  SCV  
  18  1:05  Engineering Bay  
  18  1:15  SCV  
  19  1:32  Orbital Command  
  19  1:33  Marine  
  20  1:40  Factory  
  20  1:52  Barracks Reactor  
  20  1:56  Supply Depot  
  20  1:57  SCV  
  21  2:10  SCV  
  22  2:26  Command Center  
  22  2:29  Starport  
  22  2:34  Hellion  
  24  2:39  Hellion  
  24  2:40  SCV  
  27  2:50  Supply Depot  
  27  2:55  Hellion  
  29  3:00  Hellion, Barracks Tech Lab  
  31  3:07  Refinery  
  31  3:15  Medivac  
  33  3:21  SCV  
  34  3:29  Marine  
  34  3:30  Marine  
  34  3:33  SCV  
  35  3:45  SCV  
  39  3:49  Marine x2  
  39  3:53  Cyclone  
  41  3:57  SCV, Barracks  
  41  4:02  Orbital Command  
  42  4:07  Marine  
  42  4:09  SCV  
  42  4:21  SCV  
  43  4:27  Mag-Field Accelerator  
  43  4:28  Cyclone  
  43  4:29  SCV  
  47  4:31  Marine  
  47  4:35  SCV  
  45  4:45  Marine x2  
  46  4:46  SCV  
  46  4:49  Marine  
  46  4:50  Supply Depot  
  46  4:51  SCV  
  49  4:59  SCV  
  50  5:00  Cyclone  
  50  5:03  Marine  
  50  5:09  SCV  
  50  5:11  SCV  
  50  5:14  Marine x2, Medivac  
  53  5:19  Supply Depot  
  53  5:20  Marine  
  57  5:21  SCV  
  58  5:33  SCV  
  60  5:37  Cyclone  
  60  5:40  Barracks Tech Lab  
  60  5:41  Marine x2, Barracks  
  60  5:42  Supply Depot  
  64  5:46  Starport Tech Lab  
  64  5:47  SCV x2  
  66  5:59  Marine x3, SCV  
  66  6:03  SCV  
  71  6:06  Engineering Bay  
  71  6:09  Engineering Bay  
  71  6:10  Refinery, Starport Reactor  
  71  6:11  Supply Depot  
  71  6:14  Supply Depot, SCV  
  71  6:16  Marine  
  71  6:19  Marine x2  
  71  6:23  SCV  
Tags
 
Add a new tag
Caveats
  • Supply blocks, unpowered buildings, or Contaminate may cause inaccurate times.
  • Supply counts are checked every 10 seconds.